 Dungeon Crawl Stone Soup version 0.25-a0-611-g6918904 (webtiles) character file.

Game seed: 2128844829924803880, levelgen mode: deterministic

189 relicbr the Cudgeler (level 5, -3/75 HPs)
             Began as a Troll Berserker on Mar 16, 2020.
             Was a Believer of Trog.
             Slain by a killer bee (9 damage)
             ... on level 3 of the Dungeon.
             The game lasted 00:04:10 (1240 turns).

relicbr the Cudgeler (Troll Berserker)              Turns: 1240, Time: 00:04:10

Health: -3/75      AC:  6    Str: 25    XL:     5   Next: 40%
Magic:  4/4        EV: 10    Int:  4    God:    Trog [**....]
Gold:   166        SH:  0    Dex:  9    Spells: 4/4 levels left

rFire    . . .     SeeInvis .   l - +2 whip (freeze)
rCold    . . .     Gourm    +   (no shield)
rNeg     . . .     Faith    .   b - +0 animal skin
rPois    .         Spirit   .   (helmet restricted)
rElec    .         Reflect  .   (no cloak)
rCorr    .         Harm     .   (gloves unavailable)
MR       ++...                  (boots unavailable)
Stlth    ..........             (no amulet)
HPRegen  1.62/turn              (no ring)
MPRegen  0.09/turn              (no ring)

@: berserking, lethally poisoned (-3 -> -4), regenerating, very quick
A: large, unfitting armour, claws 3, fast metabolism 3, gourmand, regeneration
1, shaggy fur 1, tough skin 3
a: Berserk, Trog's Hand, Renounce Religion


You were on level 3 of the Dungeon.
You worshipped Trog.
Trog was pleased with you.
You were not hungry.

You visited 1 branch of the dungeon, and saw 3 of its levels.

You collected 166 gold pieces.

Inventory:

Hand Weapons
 a - a +0 mace
 l - a +2 whip of freezing (weapon)
Armour
 b - a +0 animal skin (worn)
Wands
 i - a wand of acid (5)
Scrolls
 d - 2 scrolls of enchant armour {unknown}
 e - 4 scrolls of identify {unknown}
 g - a scroll of teleportation {unknown}
Potions
 f - a potion of might
 h - a potion of invisibility {unknown}
 j - a potion of mutation {unknown}
 k - a potion of flight {unknown}
 m - a potion of brilliance {unknown}
Comestibles
 c - 6 rations


   Skills:
 - Level 2.4 Fighting
 * Level 5.6 Maces & Flails
 - Level 2.4 Dodging


You had 4 spell levels left.
You didn't know any spells.
Your spell library was empty.

Dungeon Overview and Level Annotations

Branches:
Dungeon (2/15)

Altars:
Cheibriados
Okawaru


Innate Abilities, Weirdness & Mutations

You are too large for most types of armour.
You have claws for hands.
Your metabolism is lightning-fast.
You like to eat raw meat.
Your natural rate of healing is unusually fast.
You are covered in fur. (AC +1)
You have extremely tough skin. (AC +3)


Message History

Okay, then.
Your skin crawls.
You feel resistant to hostile enchantments.
You feel quite a bit less full.
You feel sick. The killer bee misses you. The rat bites you but does no damage.
The killer bee stings you but does no damage.
The rat misses you.
A red film seems to cover your vision as you go berserk!
You feel yourself moving faster!
You feel mighty! The killer bee stings you!
* * * LOW HITPOINT WARNING * * *
The rat bites you.
* * * LOW HITPOINT WARNING * * *
The killer bee closely misses you. The rat bites you but does no damage.
You barely miss the killer bee.
The killer bee is severely wounded.
The rat bites you but does no damage. The killer bee completely misses you.
You barely miss the killer bee.
The killer bee is severely wounded.
The killer bee stings you!
You die...

#####.....#.###.♣# #♣.♣#
#............♣ ♣.♣
#.#..#.......♣# #♣.♣#
#.#..#.....#..♣♣♣...♣
##...##..))(..........
#.....#.....#(........
##..#..#.....#....).#.#
#..#........a.........#
..####..#.y@.#...........###
..........rr..#..##......###
.........####...>##......5..
.......#.# #.##..#......###
........... #...........<.
.....#.#.##..###....#..#.#.
.####......#.###..÷....#.#.#
...... . .#..#.......# .
.....................## #


You could see a worker ant (wandering), a killer bee and 2 rats.

Vanquished Creatures
  A crimson imp (D:3)
  4 adders
  6 gnolls
  A dart slug (D:1)
  A leopard gecko (D:1)
  An orc (D:3)
  6 giant cockroaches
  7 goblins
  9 hobgoblins
  5 bats
  4 frilled lizards
  7 kobolds
  9 rats
61 creatures vanquished.

Notes
Turn   | Place    | Note
-------+----------+-------------------------------------------
     0 | D:1      | relicbr the Troll Berserker began the quest for the Orb.
     0 | D:1      | Reached XP level 1. HP: 22/22 MP: 0/0
    51 | D:1      | Reached skill level 3 in Maces & Flails
    56 | D:1      | Reached XP level 2. HP: 29/29 MP: 1/1
   283 | D:1      | Reached ** piety under Trog
   308 | D:1      | Reached XP level 3. HP: 36/36 MP: 2/2
   367 | D:1      | Reached skill level 4 in Maces & Flails
   561 | D:2      | Reached XP level 4. HP: 24/44 MP: 3/3
   997 | D:2      | Found an iron altar of Okawaru.
  1053 | D:2      | Found a snail-covered altar of Cheibriados.
  1053 | D:2      | You fall into a shaft and drop 1 floor!
  1081 | D:3      | Reached skill level 5 in Maces & Flails
  1091 | D:3      | Reached XP level 5. HP: 43/50 MP: 4/4
  1240 | D:3      | Slain by a killer bee

Levels and vault maps discovered:
D:1:      lightli_arrival_windingriver, layout_rooms
D:2:      layout_rooms, elyvilon_altar_1, cheibriados_altar_1,
          kennysheep_okawaru_gauntlet, first_ration, corexii_shack
D:3:      layout_rooms, dancing_weapons_uskayaw, nicolae_overflow_hidden_temple,
          minmay_stone_trees_medium, kennysheep_small_spiral, minmay_between

Skill      XL: |  1  2  3  4 |
---------------+-------------+-----
Maces & Flails | 3 4 5 |  5.6
Fighting       | |  2.4
Dodging        | |  2.4

Action                   |  1- 3 |  4- 6 || total
-------------------------+-------+-------++-------
Melee: Mace              |   102 |    74 ||   176
       Whip              |       |    42 ||    42
Throw: Dart              |       |    11 ||    11
Invok: Berserk           |     3 |     2 ||     5
       Trog's Hand       |       |     1 ||     1
  Use: Potion            |       |     1 ||     1
 Stab: Sleeping          |       |     1 ||     1
  Eat: Chunk             |    12 |     6 ||    18
Armor: Animal skin       |    60 |    62 ||   122
Dodge: Dodged            |    71 |    86 ||   157

Table legend:
 A = Non-vault XP
 B = Vault XP
 C = Vault XP percentage of total XP
 D = Non-vault monster count
 E = Vault monster count
 F = Vault count percentage of total count
                 A         B        C        D         E       F
            +---------+---------+-------+---------+---------+-------
      Total |     266 |       4 |   1.5 |      59 |       2 |   3.3
            +---------+---------+-------+---------+---------+-------
        D:1 |      54 |       0 |   0.0 |      32 |       0 |   0.0
        D:2 |      93 |       4 |   4.1 |      12 |       2 |  14.3
        D:3 |     119 |       0 |   0.0 |      15 |       0 |   0.0
            +---------+---------+-------+---------+---------+-------
